cohdb
Replays
Latest Replays
All Replays
Popular Replays
Top Player Replays
Match Explorer
How It Works
Community
CoH3 Stats
Reddit
Sign in to upload your games and track your stats! →
Sign in with Steam
Match 45809571
Unlisted
Match 45809571
Overview
Messages
Build Orders
End
Construct Section Command Post
Vickers Machine Gun Team
Dingo Light Scout Car
Selects Australian Defense Battlegroup
Selects Australian Light Infantry Section
Australian Light Infantry Section
Australian Light Infantry Section
Construct Platoon Command Post
Royal Engineer Section
CMP 15cwt Truck
6-pounder Anti-tank Gun Team
抖音雨哲QAQ
Truck
米浴
一杆大长枪的爹
我小叮当今晚要搞事!
유파_Yupa
FLOKL
一百六十四号重罪犯
0
0
Comments
sign in to comment!
No comments posted yet!